Golden Knights vs Penguins (R1)

Created - April 23, 2020 at 19:25

Goals
1 2 3 T
Golden Knights 1 0 0 1
Penguins 0 1 5 6
Shots
1 2 3 T
Golden Knights 8 6 17 31
Penguins 7 15 15 37

1st period

1. Golden Knights , Chris Higgins 23 (Maxim Lapierre 11, Jared Cowen 21) at 18:20

Penalties :
Keith Aulie (Pit) for Roughing (Minor) at 0:22, Damien Brunner (Vgs) for Interference (Minor) at 8:52, Ilya Kovalchuk (Vgs) for Tripping (Minor) at 18:37

2nd period

2. Penguins , Tomas Plekanec 5 (Victor Hedman 25, Tuomo Ruutu 5) at 13:19

Penalties :
Alex Tanguay (Vgs) for Holding (Minor) at 13:22, Ilya Kovalchuk (Vgs) for Hooking (Minor) at 18:11

3rd period

3. Penguins , Tomas Plekanec 6 (Ales Hemsky 7, Eric Gryba 10) at 1:15
4. Penguins , Sean Bergenheim 24 (Claude Giroux 57, Logan Couture 29) at 1:21
5. Penguins , Logan Couture 11 (Claude Giroux 58, Sean Bergenheim 28) at 7:04
6. Penguins , Sean Bergenheim 25 (Claude Giroux 59, Logan Couture 30) at 11:47
7. Penguins , Cal Clutterbuck 12 (Joe Colborne 12) at 18:52

Penalties :
Chris Higgins (Vgs) for Roughing (Minor) at 19:16

Goalie Stats

Robin Lehner (Vgs), 31 saves from 37 shots - (0.838), L, 29-26-9, 60:00 minutes
Michal Neuvirth (Pit), 30 saves from 31 shots - (0.968), W, 34-22-5, 60:00 minutes

Players Stats for Golden Knights

Player Name              G  A  P  +/- PIM S  H  SB GA TA FO     MP     PP MP  PK MP  
------------------------------------------------------------------------------------
Alex Tanguay             0  0  0  -2  2   2  2  0  0  0  0/1    13:44   0:00   1:10 
Andrei Loktionov         0  0  0  -3  0   0  4  1  1  1  3/10   15:24   0:55   1:54 
Brandon Bollig           0  0  0  -1  0   0  1  0  0  0  0/0    11:35   0:00   0:00 
Chris Higgins            1  0  1   1  2   9  1  1  1  0  0/0    13:26   1:04   0:00 
Damien Brunner           0  0  0  -1  2   5  0  0  0  0  0/0    11:36   0:00   0:00 
Ilya Kovalchuk           0  0  0  -3  4   0  0  1  0  0  2/6    16:40   0:55   3:00 
Jared Cowen              0  1  1  -2  0   1  1  0  0  0  0/0    24:46   0:56   5:54 
Mathew Dumba             0  0  0  -2  0   0  0  1  0  2  0/0    16:28   0:00   0:00 
Matt Stajan              0  0  0  -2  0   1  2  1  0  0  7/19   18:56   1:04   5:25 
Maxim Lapierre           0  1  1   1  0   1  1  0  0  1  7/16   14:21   0:00   1:36 
Michael Frolik           0  0  0  -2  0   3  2  0  0  1  0/1    16:20   1:04   1:46 
Michael Kostka           0  0  0  -2  0   1  2  1  0  1  0/0    20:23   0:56   2:45 
Nathan Paetsch           0  0  0  -1  0   0  3  1  0  0  0/0    17:28   0:00   2:45 
Ole-Kristian Tollefsen   0  0  0  -2  0   0  2  0  0  1  0/0    16:28   1:03   0:00 
Patrice Cormier          0  0  0  -1  0   1  0  1  1  0  1/2    11:35   0:00   0:00 
Steve Bernier            0  0  0   1  0   3  2  0  0  1  3/7    15:29   0:00   2:27 
Wayne Simmonds           0  0  0  -3  0   4  1  0  0  1  0/0    12:10   0:55   0:00 
Zach Bogosian            0  0  0  -1  0   0  1  2  0  1  0/0    24:27   1:03   5:54 

Players Stats for Penguins

Player Name              G  A  P  +/- PIM S  H  SB GA TA FO     MP     PP MP  PK MP  
------------------------------------------------------------------------------------
Ales Hemsky              0  1  1   2  0   0  1  0  0  0  0/0     8:21   0:42   0:00 
Andrew Cogliano          0  0  0  -1  0   3  0  0  4  0  3/4    22:33   5:26   0:09 
Cal Clutterbuck          1  0  1   1  0   2  0  0  0  0  1/1    11:01   0:00   0:49 
Claude Giroux            0  3  3   3  0   5  0  2  3  0  2/2    22:39   4:44   1:01 
Danny DeKeiser           0  0  0   2  0   0  0  0  0  0  0/0    20:20   3:18   1:05 
Dustin Brown             0  0  0  -1  0   6  0  1  1  0  0/0    17:50   3:13   0:00 
Eric Gryba               0  1  1   3  0   1  1  1  0  0  0/0    11:00   0:00   0:54 
Joe Colborne             0  1  1   1  0   1  1  0  0  0  2/4    10:13   0:01   0:00 
Keith Aulie              0  0  0   0  2   2  2  2  0  1  0/0    28:42   5:21   0:00 
Logan Couture            1  2  3   3  0   2  2  0  0  0  6/11   18:19   3:12   0:09 
Marcus Foligno           0  0  0   1  0   0  3  0  1  0  0/0    10:13   0:01   0:00 
Matt Corrente            0  0  0   3  0   2  2  0  0  1  0/0    10:10   0:00   0:00 
Sean Bergenheim          2  1  3   3  0   4  1  1  0  0  0/0    19:14   3:12   1:01 
Sean Zimmerman           0  0  0   0  0   0  0  3  0  0  0/0    24:55   2:51   1:05 
Steven Stamkos           0  0  0  -1  0   4  3  0  1  1  25/39  23:13   5:26   0:49 
Tomas Plekanec           2  0  2   2  0   3  1  0  0  0  0/1     7:11   0:00   0:00 
Tuomo Ruutu              0  1  1   2  0   1  1  0  0  0  0/0     7:11   0:00   0:00 
Victor Hedman            0  1  1   2  0   1  0  0  0  0  0/0    24:55   5:48   0:54 

3 Stars

1 - Sean Bergenheim (Pit)
2 - Logan Couture (Pit)
3 - Tomas Plekanec (Pit)

Power Play

Golden Knights - 0 on 1 Attempt(s) - 0.00%
Penguins - 0 on 5 Attempt(s) - 0.00%

Penalty Kill

Golden Knights - 5 on 5 Attempt(s) - 100.00% - Score 0 goal in Penalty Kill
Penguins - 1 on 1 Attempt(s) - 100.00% - Score 0 goal in Penalty Kill

Team Stat

Golden Knights - Hits : 25 - Faceoff Wins : 23 - Blocked Shots : 10 - Penalty Minutes : 10
Penguins - Hits : 18 - Faceoff Wins : 39 - Blocked Shots : 10 - Penalty Minutes : 2

Official

Referees : Unknown
Linesman : Unknown

Game Notes

No Game Note

Finance

Level 1 -- Attendance: 4300 (71.67%) -- Ticket Income $516,000
Level 2 -- Attendance: 4290 (85.80%) -- Ticket Income $300,300
Level 3 -- Attendance: 1620 (81.00%) -- Ticket Income $72,900
Level 4 -- Attendance: 2945 (73.63%) -- Ticket Income $103,075
Luxury Box -- Attendance: 824 (82.40%) -- Ticket Income $164,800
Game was played at the Igloo.
Total Attendance: 13979 (77.66%)
Total Ticket Income: $1,157,075
Other Income: $173,561
Total Income: $1,330,636

Golden Knights

5 vs 5 Forward 
   Center                   Left Wing                Right Wing               Time % Phy DF OF 
 1 Matt Stajan              Alex Tanguay             Michael Frolik           30     1   2  2  
 2 Andrei Loktionov         Ilya Kovalchuk           Wayne Simmonds           30     1   2  2  
 3 Maxim Lapierre           Chris Higgins            Steve Bernier            30     1   2  2  
 4 Patrice Cormier          Brandon Bollig           Damien Brunner           10     1   2  2  

5 vs 5 Defense 
   Defense                  Defense                                           Time % Phy DF OF 
 1 Zach Bogosian            Nathan Paetsch                                    30     1   2  2  
 2 Ole-Kristian Tollefsen   Jared Cowen                                       30     1   2  2  
 3 Michael Kostka           Mathew Dumba                                      30     1   2  2  
 4 Zach Bogosian            Jared Cowen                                       10     1   2  2  

PowerPlay Forward 
   Center                   Left Wing                Right Wing               Time % Phy DF OF 
 1 Matt Stajan              Chris Higgins            Michael Frolik           60     1   2  2  
 2 Andrei Loktionov         Ilya Kovalchuk           Wayne Simmonds           40     1   2  2  

PowerPlay Defense
   Defense                  Defense                                           Time % Phy DF OF 
 1 Zach Bogosian            Ole-Kristian Tollefsen                            60     1   2  2  
 2 Michael Kostka           Jared Cowen                                       40     1   2  2  

Penalty Kill 4 Players Forward 
   Center                   Wing                     Time % Phy DF OF 
 1 Ilya Kovalchuk           Matt Stajan              60     1   2  2  
 2 Michael Frolik           Andrei Loktionov         40     1   2  2  

Penalty Kill 4 Players Defense
   Defense                  Defense                  Time % Phy DF OF 
 1 Zach Bogosian            Jared Cowen              60     1   2  2  
 2 Nathan Paetsch           Michael Kostka           40     1   2  2  

Penalty Kill - 3 Players Forward 
   Forward                                           Time % Phy DF OF 
 1 Ilya Kovalchuk                                    60     1   2  2  
 2 Matt Stajan                                       40     1   2  2  

Penalty Kill - 3 Players Defense
   Defense                  Defense                  Time % Phy DF OF 
 1 Zach Bogosian            Ole-Kristian Tollefsen   60     1   2  2  
 2 Nathan Paetsch           Michael Kostka           40     1   2  2  

4 vs 4 Forward 
   Center                   Wing                     Time % Phy DF OF 
 1 Ilya Kovalchuk           Matt Stajan              60     1   2  2  
 2 Michael Frolik           Andrei Loktionov         40     1   2  2  

4 vs 4 Defense
   Defense                  Defense                  Time % Phy DF OF 
 1 Zach Bogosian            Nathan Paetsch           60     1   2  2  
 2 Ole-Kristian Tollefsen   Michael Kostka           40     1   2  2  

Last Minutes Offensive
   Center                   Left Wing                Right Wing               Defense                  Defense                  
   Matt Stajan              Ilya Kovalchuk           Michael Frolik           Zach Bogosian            Ole-Kristian Tollefsen   

Last Minutes Defensive
   Center                   Left Wing                Right Wing               Defense                  Defense                  
   Matt Stajan              Ilya Kovalchuk           Michael Frolik           Zach Bogosian            Nathan Paetsch           

Goaltenders
Starting : Robin Lehner             
Backup : Matt Hackett             

Extra Forwards
Normal : Alex Tanguay, Maxim Lapierre, Steve Bernier - PP : Alex Tanguay, Maxim Lapierre - PK : Steve Bernier
Extra Defensemen
Normal : Nathan Paetsch, Mathew Dumba, Ole-Kristian Tollefsen - PP : Nathan Paetsch - PK : Mathew Dumba, Ole-Kristian Tollefsen
Penalty Shots
Ilya Kovalchuk, Matt Stajan, Michael Frolik, Andrei Loktionov, Wayne Simmonds

Scratches
Vladimir Mihalik (Bruised Left Foot Injury)

Penguins

5 vs 5 Forward 
   Center                   Left Wing                Right Wing               Time % Phy DF OF 
 1 Steven Stamkos           Andrew Cogliano          Dustin Brown             40     0   2  3  
 2 Logan Couture            Sean Bergenheim          Claude Giroux            30     0   2  3  
 3 Joe Colborne             Marcus Foligno           Cal Clutterbuck          20     0   2  3  
 4 Tomas Plekanec           Tuomo Ruutu              Ales Hemsky              10     0   2  3  

5 vs 5 Defense 
   Defense                  Defense                                           Time % Phy DF OF 
 1 Sean Zimmerman           Keith Aulie                                       40     1   2  2  
 2 Danny DeKeiser           Victor Hedman                                     30     1   2  2  
 3 Eric Gryba               Matt Corrente                                     20     1   2  2  
 4 Sean Zimmerman           Keith Aulie                                       10     1   2  2  

PowerPlay Forward 
   Center                   Left Wing                Right Wing               Time % Phy DF OF 
 1 Steven Stamkos           Andrew Cogliano          Claude Giroux            60     0   0  5  
 2 Logan Couture            Sean Bergenheim          Dustin Brown             40     0   0  5  

PowerPlay Defense
   Defense                  Defense                                           Time % Phy DF OF 
 1 Victor Hedman            Keith Aulie                                       60     0   1  4  
 2 Sean Zimmerman           Danny DeKeiser                                    40     0   1  4  

Penalty Kill 4 Players Forward 
   Center                   Wing                     Time % Phy DF OF 
 1 Claude Giroux            Sean Bergenheim          60     0   5  0  
 2 Steven Stamkos           Cal Clutterbuck          40     0   5  0  

Penalty Kill 4 Players Defense
   Defense                  Defense                  Time % Phy DF OF 
 1 Sean Zimmerman           Keith Aulie              60     1   4  0  
 2 Danny DeKeiser           Eric Gryba               40     1   4  0  

Penalty Kill - 3 Players Forward 
   Forward                                           Time % Phy DF OF 
 1 Claude Giroux                                     60     0   5  0  
 2 Steven Stamkos                                    40     0   5  0  

Penalty Kill - 3 Players Defense
   Defense                  Defense                  Time % Phy DF OF 
 1 Sean Zimmerman           Keith Aulie              60     1   4  0  
 2 Danny DeKeiser           Eric Gryba               40     1   4  0  

4 vs 4 Forward 
   Center                   Wing                     Time % Phy DF OF 
 1 Steven Stamkos           Andrew Cogliano          60     0   2  3  
 2 Claude Giroux            Sean Bergenheim          40     0   2  3  

4 vs 4 Defense
   Defense                  Defense                  Time % Phy DF OF 
 1 Sean Zimmerman           Keith Aulie              60     1   2  2  
 2 Danny DeKeiser           Victor Hedman            40     1   2  2  

Last Minutes Offensive
   Center                   Left Wing                Right Wing               Defense                  Defense                  
   Steven Stamkos           Sean Bergenheim          Claude Giroux            Victor Hedman            Keith Aulie              

Last Minutes Defensive
   Center                   Left Wing                Right Wing               Defense                  Defense                  
   Steven Stamkos           Sean Bergenheim          Claude Giroux            Sean Zimmerman           Keith Aulie              

Goaltenders
Starting : Michal Neuvirth          
Backup : Sergei Bobrovsky         

Extra Forwards
Normal : Claude Giroux, Steven Stamkos, Marcus Foligno - PP : Claude Giroux, Steven Stamkos - PK : Claude Giroux
Extra Defensemen
Normal : Sean Zimmerman, Danny DeKeiser, Eric Gryba - PP : Victor Hedman - PK : Sean Zimmerman, Danny DeKeiser
Penalty Shots
Claude Giroux, Steven Stamkos, Sean Bergenheim, Andrew Cogliano, Marcus Foligno

Scratches
Michael Raffl (Healthy)

% Time on Ice - Golden Knights

Lines # - Real PCT - Wanted PCT - Time Play
Normal Forward
1 - 25% - 30% - 12:27
2 - 25% - 30% - 12:35
3 - 26% - 30% - 12:45
4 - 23% - 10% - 11:35
Normal Defense
1 - 30% - 30% - 14:44
2 - 30% - 30% - 14:42
3 - 35% - 30% - 17:10
4 - 6% - 10% - 2:46
PP Forward
1 - 54% - 60% - 1:04
2 - 46% - 40% - 0:55
PP Defense
1 - 53% - 60% - 1:03
2 - 47% - 40% - 0:56
PK Forward
1 - 80% - 60% - 6:53
2 - 20% - 40% - 1:46
PK Defense
1 - 68% - 60% - 5:54
2 - 32% - 40% - 2:45
PK3 Forward
1 - 0% - 60%
2 - 0% - 40%
PK3 Defense
1 - 0% - 60%
2 - 0% - 40%
44 Forward
1 - 0% - 60%
2 - 0% - 40%
44 Defense
1 - 0% - 60%
2 - 0% - 40%
Last Minute Offensive  - 0:00
Last Minute Defensive  - 0:00
Total
Forward - 60:00
Defense - 60:00

% Time on Ice - Penguins

Lines # - Real PCT - Wanted PCT - Time Play
Normal Forward
1 - 34% - 40% - 17:01
2 - 30% - 30% - 14:58
3 - 21% - 20% - 10:12
4 - 15% - 10% - 7:11
Normal Defense
1 - 43% - 40% - 21:24
2 - 32% - 30% - 15:50
3 - 21% - 20% - 10:10
4 - 4% - 10% - 1:58
PP Forward
1 - 63% - 60% - 5:27
2 - 37% - 40% - 3:12
PP Defense
1 - 67% - 60% - 5:48
2 - 33% - 40% - 2:51
PK Forward
1 - 59% - 60% - 1:10
2 - 41% - 40% - 0:49
PK Defense
1 - 72% - 60% - 1:26
2 - 28% - 40% - 0:33
PK3 Forward
1 - 0% - 60%
2 - 0% - 40%
PK3 Defense
1 - 0% - 60%
2 - 0% - 40%
44 Forward
1 - 0% - 60%
2 - 0% - 40%
44 Defense
1 - 0% - 60%
2 - 0% - 40%
Last Minute Offensive  - 0:00
Last Minute Defensive  - 0:00
Total
Forward - 60:00
Defense - 60:00

Play-by-Play

1st period


0:01 of 1st period - Steven Stamkos wins face-off versus Matt Stajan in neutral zone.
0:04 of 1st period - Snap shot by Andrew Cogliano.
0:04 of 1st period - Shot Misses the Net.
0:22 of 1st period - Minor Penalty to Keith Aulie for Roughing.
0:23 of 1st period - Claude Giroux wins face-off versus Matt Stajan in Penguins zone.
0:49 of 1st period - Sean Zimmerman is hit by Andrei Loktionov and loses puck.
0:56 of 1st period - Slapshot by Ilya Kovalchuk.
0:56 of 1st period - Shot Misses the Net.
1:31 of 1st period - Claude Giroux is hit by Michael Kostka and loses puck.
2:22 of 1st period - Penalty to Keith Aulie is over, Keith Aulie is back on ice.
2:30 of 1st period - Brandon Bollig is hit by Tomas Plekanec and loses puck.
3:03 of 1st period - Maxim Lapierre is hit by Marcus Foligno and loses puck.
3:41 of 1st period - Matt Stajan is hit by Matt Corrente and loses puck.
3:48 of 1st period - Jared Cowen is hit by Steven Stamkos and loses puck.
4:06 of 1st period - Marcus Foligno is hit by Andrei Loktionov and loses puck.
4:21 of 1st period - Claude Giroux is hit by Chris Higgins and loses puck.
4:32 of 1st period - Zach Bogosian is hit by Ales Hemsky and loses puck.
5:01 of 1st period - Logan Couture is hit by Alex Tanguay.
5:18 of 1st period - Zach Bogosian is hit by Marcus Foligno and loses puck.
5:47 of 1st period - Slapshot by Patrice Cormier.
5:47 of 1st period - Shot Blocked by Keith Aulie.
6:09 of 1st period - Claude Giroux is hit by Alex Tanguay and loses puck.
6:37 of 1st period - Steven Stamkos is hit by Ole-Kristian Tollefsen and loses puck.
6:57 of 1st period - Matt Corrente is hit by Brandon Bollig and loses puck.
8:07 of 1st period - Snap shot by Sean Bergenheim.
8:07 of 1st period - Stopped by Robin Lehner with a rebound.
8:19 of 1st period - Wrist shot by Chris Higgins.
8:19 of 1st period - Stopped by Michal Neuvirth with a rebound.
8:38 of 1st period - Mathew Dumba is hit by Matt Corrente and loses puck.
8:52 of 1st period - Minor Penalty to Damien Brunner for Interference.
8:53 of 1st period - Steven Stamkos wins face-off versus Ilya Kovalchuk in Golden Knights zone.
8:55 of 1st period - Snap shot by Steven Stamkos.
8:55 of 1st period - Shot Misses the Net.
8:57 of 1st period - Slapshot by Keith Aulie.
8:57 of 1st period - Stopped by Robin Lehner without a rebound.
8:58 of 1st period - Ilya Kovalchuk wins face-off versus Steven Stamkos in Golden Knights zone.
9:31 of 1st period - Snap shot by Sean Bergenheim.
9:31 of 1st period - Shot Misses the Net.
9:33 of 1st period - Slapshot by Keith Aulie.
9:33 of 1st period - Stopped by Robin Lehner without a rebound.
9:34 of 1st period - Steven Stamkos wins face-off versus Andrei Loktionov in Golden Knights zone.
10:52 of 1st period - Penalty to Damien Brunner is over, Damien Brunner is back on ice.
11:05 of 1st period - Wrist shot by Patrice Cormier.
11:05 of 1st period - Deflect By Cal Clutterbuck.
11:05 of 1st period - Shot Misses the Net.
11:05 of 1st period - Puck is out of play.
11:06 of 1st period - Steve Bernier wins face-off versus Joe Colborne in Penguins zone.
11:11 of 1st period - Snap shot by Chris Higgins.
11:11 of 1st period - Stopped by Michal Neuvirth without a rebound.
11:12 of 1st period - Joe Colborne wins face-off versus Maxim Lapierre in Penguins zone.
11:12 of 1st period - Joe Colborne is hit by Steve Bernier.
11:49 of 1st period - Off-side.
11:50 of 1st period - Steven Stamkos wins face-off versus Andrei Loktionov in neutral zone.
12:01 of 1st period - Slapshot by Steven Stamkos.
12:01 of 1st period - Shot Misses the Net.
12:03 of 1st period - Slapshot by Keith Aulie.
12:03 of 1st period - Deflect By Steven Stamkos.
12:03 of 1st period - Shot Blocked by Ilya Kovalchuk.
12:03 of 1st period - Puck is out of play.
12:04 of 1st period - Andrew Cogliano wins face-off versus Matt Stajan in Golden Knights zone.
12:59 of 1st period - Slapshot by Michael Kostka.
12:59 of 1st period - Stopped by Michal Neuvirth with a rebound.
13:56 of 1st period - Wrist shot by Andrei Loktionov.
13:56 of 1st period - Shot Misses the Net.
14:36 of 1st period - Snap shot by Alex Tanguay.
14:36 of 1st period - Stopped by Michal Neuvirth with a rebound.
14:38 of 1st period - Snap shot by Michael Frolik.
14:38 of 1st period - Stopped by Michal Neuvirth with a rebound.
14:52 of 1st period - Keith Aulie is hit by Nathan Paetsch and loses puck.
15:23 of 1st period - Snap shot by Joe Colborne.
15:23 of 1st period - Shot Blocked by Nathan Paetsch.
15:33 of 1st period - Wrist shot by Brandon Bollig.
15:33 of 1st period - Shot Misses the Net.
15:35 of 1st period - Wrist shot by Damien Brunner.
15:35 of 1st period - Stopped by Michal Neuvirth without a rebound.
15:36 of 1st period - Steven Stamkos wins face-off versus Matt Stajan in Penguins zone.
15:43 of 1st period - Snap shot by Eric Gryba.
15:43 of 1st period - Stopped by Robin Lehner with a rebound.
15:45 of 1st period - Wrist shot by Dustin Brown.
15:45 of 1st period - Shot Blocked by Matt Stajan.
15:47 of 1st period - Slapshot by Matt Corrente.
15:47 of 1st period - Deflect By Ole-Kristian Tollefsen.
15:47 of 1st period - Stopped by Robin Lehner without a rebound.
15:48 of 1st period - Steven Stamkos wins face-off versus Andrei Loktionov in Golden Knights zone.
15:49 of 1st period - Wrist shot by Dustin Brown.
15:49 of 1st period - Stopped by Robin Lehner without a rebound.
15:50 of 1st period - Steven Stamkos wins face-off versus Andrei Loktionov in Golden Knights zone.
16:24 of 1st period - Off-side.
16:25 of 1st period - Maxim Lapierre wins face-off versus Logan Couture in neutral zone.
16:28 of 1st period - Sean Zimmerman is hit by Nathan Paetsch and loses puck.
16:41 of 1st period - Slapshot by Zach Bogosian.
16:41 of 1st period - Deflect By Steve Bernier.
16:41 of 1st period - Shot Misses the Net.
16:41 of 1st period - Puck is out of play.
16:42 of 1st period - Andrew Cogliano wins face-off versus Andrei Loktionov in Penguins zone.
16:42 of 1st period - Steven Stamkos is hit by Andrei Loktionov and loses puck.
17:13 of 1st period - Slapshot by Michael Kostka.
17:13 of 1st period - Shot Misses the Net.
17:15 of 1st period - Wrist shot by Michael Frolik.
17:15 of 1st period - Shot Misses the Net.
17:17 of 1st period - Snap shot by Michael Frolik.
17:17 of 1st period - Stopped by Michal Neuvirth without a rebound.
17:18 of 1st period - Steven Stamkos wins face-off versus Maxim Lapierre in Penguins zone.
17:31 of 1st period - Wrist shot by Maxim Lapierre.
17:31 of 1st period - Shot Misses the Net.
17:43 of 1st period - Sean Bergenheim is hit by Michael Frolik and loses puck.
18:08 of 1st period - Slapshot by Ales Hemsky.
18:08 of 1st period - Shot Blocked by Zach Bogosian.
18:10 of 1st period - Snap shot by Tomas Plekanec.
18:10 of 1st period - Deflect By Tuomo Ruutu.
18:10 of 1st period - Stopped by Robin Lehner without a rebound.
18:11 of 1st period - Maxim Lapierre wins face-off versus Steven Stamkos in Golden Knights zone.
18:20 of 1st period - Wrist shot by Chris Higgins.
18:20 of 1st period - Goal by Chris Higgins - Golden Knights : 1 - Penguins : 0.
18:21 of 1st period - Andrei Loktionov wins face-off versus Steven Stamkos in neutral zone.
18:28 of 1st period - Slapshot by Wayne Simmonds.
18:28 of 1st period - Shot Blocked by Sean Zimmerman.
18:37 of 1st period - Minor Penalty to Ilya Kovalchuk for Tripping.
18:38 of 1st period - Steven Stamkos wins face-off versus Steve Bernier in Golden Knights zone.
18:38 of 1st period - Snap shot by Claude Giroux.
18:38 of 1st period - Deflect By Andrew Cogliano.
18:38 of 1st period - Shot Misses the Net.
18:38 of 1st period - Puck is out of play.
18:39 of 1st period - Matt Stajan wins face-off versus Steven Stamkos in Golden Knights zone.
Goals for this period are 1 for Golden Knights vs 0 for Penguins.
Shots for this period are 8 for Golden Knights vs 7 for Penguins.

2nd period


0:01 of 2nd period - Steven Stamkos wins face-off versus Steve Bernier in neutral zone.
0:04 of 2nd period - Jared Cowen is hit by Keith Aulie and loses puck.
0:37 of 2nd period - Penalty to Ilya Kovalchuk is over, Ilya Kovalchuk is back on ice.
0:55 of 2nd period - Zach Bogosian is hit by Steven Stamkos and loses puck.
1:02 of 2nd period - Snap shot by Claude Giroux.
1:02 of 2nd period - Stopped by Robin Lehner with a rebound.
1:04 of 2nd period - Wrist shot by Claude Giroux.
1:04 of 2nd period - Shot Misses the Net.
1:54 of 2nd period - Claude Giroux is hit by Andrei Loktionov and loses puck.
2:21 of 2nd period - Snap shot by Claude Giroux.
2:21 of 2nd period - Stopped by Robin Lehner without a rebound.
2:22 of 2nd period - Maxim Lapierre wins face-off versus Joe Colborne in Golden Knights zone.
2:36 of 2nd period - Wrist shot by Cal Clutterbuck.
2:36 of 2nd period - Shot Blocked by Chris Higgins.
2:48 of 2nd period - Michael Kostka is hit by Tuomo Ruutu and loses puck.
4:15 of 2nd period - Icing by Sean Bergenheim.
4:16 of 2nd period - Patrice Cormier wins face-off versus Logan Couture in Penguins zone.
4:17 of 2nd period - Wrist shot by Damien Brunner.
4:17 of 2nd period - Deflect By Brandon Bollig.
4:17 of 2nd period - Shot Misses the Net.
4:17 of 2nd period - Puck is out of play.
4:18 of 2nd period - Maxim Lapierre wins face-off versus Tomas Plekanec in Penguins zone.
4:43 of 2nd period - Damien Brunner is hit by Marcus Foligno and loses puck.
4:52 of 2nd period - Wrist shot by Marcus Foligno.
4:52 of 2nd period - Shot Blocked by Patrice Cormier.
4:54 of 2nd period - Slapshot by Matt Corrente.
4:54 of 2nd period - Deflect By Brandon Bollig.
4:54 of 2nd period - Stopped by Robin Lehner with a rebound.
5:19 of 2nd period - Icing by Patrice Cormier.
5:20 of 2nd period - Logan Couture wins face-off versus Patrice Cormier in Golden Knights zone.
6:57 of 2nd period - Snap shot by Andrei Loktionov.
6:57 of 2nd period - Shot Blocked by Eric Gryba.
6:59 of 2nd period - Snap shot by Ilya Kovalchuk.
6:59 of 2nd period - Shot Misses the Net.
7:01 of 2nd period - Wrist shot by Ilya Kovalchuk.
7:01 of 2nd period - Shot Blocked by Sean Bergenheim.
7:03 of 2nd period - Snap shot by Wayne Simmonds.
7:03 of 2nd period - Deflect By Andrei Loktionov.
7:03 of 2nd period - Shot Misses the Net.
7:03 of 2nd period - Puck is out of play.
7:04 of 2nd period - Steven Stamkos wins face-off versus Matt Stajan in Penguins zone.
7:31 of 2nd period - Steve Bernier is hit by Logan Couture and loses puck.
8:00 of 2nd period - Wrist shot by Marcus Foligno.
8:00 of 2nd period - Shot Misses the Net.
8:12 of 2nd period - Snap shot by Steven Stamkos.
8:12 of 2nd period - Stopped by Robin Lehner without a rebound.
8:13 of 2nd period - Steven Stamkos wins face-off versus Michael Frolik in Golden Knights zone.
8:22 of 2nd period - Snap shot by Andrew Cogliano.
8:22 of 2nd period - Stopped by Robin Lehner without a rebound.
8:23 of 2nd period - Matt Stajan wins face-off versus Logan Couture in Golden Knights zone.
8:23 of 2nd period - Matt Stajan is hit by Keith Aulie.
8:58 of 2nd period - Slapshot by Chris Higgins.
8:58 of 2nd period - Stopped by Michal Neuvirth without a rebound.
8:59 of 2nd period - Maxim Lapierre wins face-off versus Steven Stamkos in Penguins zone.
9:02 of 2nd period - Snap shot by Chris Higgins.
9:02 of 2nd period - Stopped by Michal Neuvirth without a rebound.
9:03 of 2nd period - Steven Stamkos wins face-off versus Alex Tanguay in Penguins zone.
9:12 of 2nd period - Slapshot by Steven Stamkos.
9:12 of 2nd period - Deflect By Andrew Cogliano.
9:12 of 2nd period - Stopped by Robin Lehner without a rebound.
9:13 of 2nd period - Matt Stajan wins face-off versus Logan Couture in Golden Knights zone.
9:22 of 2nd period - Wrist shot by Michael Frolik.
9:22 of 2nd period - Shot Misses the Net.
9:44 of 2nd period - Snap shot by Dustin Brown.
9:44 of 2nd period - Shot Misses the Net.
9:46 of 2nd period - Wrist shot by Dustin Brown.
9:46 of 2nd period - Stopped by Robin Lehner without a rebound.
9:47 of 2nd period - Steven Stamkos wins face-off versus Maxim Lapierre in Golden Knights zone.
9:54 of 2nd period - Wrist shot by Steven Stamkos.
9:54 of 2nd period - Stopped by Robin Lehner with a rebound.
9:56 of 2nd period - Snap shot by Dustin Brown.
9:56 of 2nd period - Stopped by Robin Lehner with a rebound.
9:58 of 2nd period - Wrist shot by Dustin Brown.
9:58 of 2nd period - Shot Hit the Post.
10:00 of 2nd period - Slapshot by Steven Stamkos.
10:00 of 2nd period - Shot Misses the Net.
10:04 of 2nd period - Snap shot by Steven Stamkos.
10:04 of 2nd period - Stopped by Robin Lehner with a rebound.
10:14 of 2nd period - Claude Giroux is hit by Matt Stajan and loses puck.
10:19 of 2nd period - Snap shot by Alex Tanguay.
10:19 of 2nd period - Stopped by Michal Neuvirth with a rebound.
10:23 of 2nd period - Backhand shot by Zach Bogosian.
10:23 of 2nd period - Shot Blocked by Claude Giroux.
10:25 of 2nd period - Slapshot by Zach Bogosian.
10:25 of 2nd period - Shot Misses the Net.
10:27 of 2nd period - Wrist shot by Michael Frolik.
10:27 of 2nd period - Stopped by Michal Neuvirth without a rebound.
10:28 of 2nd period - Andrei Loktionov wins face-off versus Steven Stamkos in Penguins zone.
10:33 of 2nd period - Wrist shot by Wayne Simmonds.
10:33 of 2nd period - Stopped by Michal Neuvirth with a rebound.
10:43 of 2nd period - Snap shot by Steven Stamkos.
10:43 of 2nd period - Shot Blocked by Andrei Loktionov.
11:05 of 2nd period - Slapshot by Keith Aulie.
11:05 of 2nd period - Shot Misses the Net.
12:47 of 2nd period - Wrist shot by Ales Hemsky.
12:47 of 2nd period - Shot Blocked by Mathew Dumba.
13:01 of 2nd period - Slapshot by Zach Bogosian.
13:01 of 2nd period - Shot Misses the Net.
13:15 of 2nd period - Wrist shot by Tomas Plekanec.
13:15 of 2nd period - Shot Misses the Net.
13:17 of 2nd period - Snap shot by Tuomo Ruutu.
13:17 of 2nd period - Shot Blocked by Zach Bogosian.
13:19 of 2nd period - Snap shot by Victor Hedman.
13:19 of 2nd period - Deflect By Tomas Plekanec.
13:19 of 2nd period - Goal by Tomas Plekanec - Golden Knights : 1 - Penguins : 1.
13:20 of 2nd period - Matt Stajan wins face-off versus Steven Stamkos in neutral zone.
13:22 of 2nd period - Minor Penalty to Alex Tanguay for Holding.
13:23 of 2nd period - Steven Stamkos wins face-off versus Ilya Kovalchuk in Golden Knights zone.
13:38 of 2nd period - Snap shot by Andrew Cogliano.
13:38 of 2nd period - Stopped by Robin Lehner without a rebound.
13:39 of 2nd period - Steven Stamkos wins face-off versus Ilya Kovalchuk in Golden Knights zone.
13:52 of 2nd period - Wrist shot by Steven Stamkos.
13:52 of 2nd period - Shot Misses the Net.
13:54 of 2nd period - Snap shot by Andrew Cogliano.
13:54 of 2nd period - Shot Misses the Net.
15:22 of 2nd period - Penalty to Alex Tanguay is over, Alex Tanguay is back on ice.
16:02 of 2nd period - Chris Higgins is hit by Eric Gryba and loses puck.
17:01 of 2nd period - Slapshot by Victor Hedman.
17:01 of 2nd period - Shot Misses the Net.
17:09 of 2nd period - Dustin Brown is hit by Ole-Kristian Tollefsen.
17:27 of 2nd period - Wrist shot by Cal Clutterbuck.
17:27 of 2nd period - Stopped by Robin Lehner with a rebound.
17:29 of 2nd period - Slapshot by Victor Hedman.
17:29 of 2nd period - Deflect By Chris Higgins.
17:29 of 2nd period - Stopped by Robin Lehner with a rebound.
17:39 of 2nd period - Zach Bogosian is hit by Sean Bergenheim and loses puck.
17:44 of 2nd period - Slapshot by Claude Giroux.
17:44 of 2nd period - Stopped by Robin Lehner without a rebound.
17:45 of 2nd period - Matt Stajan wins face-off versus Logan Couture in Golden Knights zone.
17:56 of 2nd period - Snap shot by Michael Frolik.
17:56 of 2nd period - Shot Blocked by Claude Giroux.
17:58 of 2nd period - Wrist shot by Michael Frolik.
17:58 of 2nd period - Shot Hit the Post.
18:00 of 2nd period - Slapshot by Matt Stajan.
18:00 of 2nd period - Stopped by Michal Neuvirth without a rebound.
18:01 of 2nd period - Andrei Loktionov wins face-off versus Steven Stamkos in Penguins zone.
18:11 of 2nd period - Minor Penalty to Ilya Kovalchuk for Hooking.
18:12 of 2nd period - Steven Stamkos wins face-off versus Steve Bernier in Golden Knights zone.
18:51 of 2nd period - Nathan Paetsch is hit by Steven Stamkos.
19:51 of 2nd period - Dustin Brown is hit by Jared Cowen and loses puck.
Goals for this period are 0 for Golden Knights vs 1 for Penguins.
Shots for this period are 6 for Golden Knights vs 15 for Penguins.

3rd period


0:01 of 3rd period - Steven Stamkos wins face-off versus Steve Bernier in neutral zone.
0:11 of 3rd period - Penalty to Ilya Kovalchuk is over, Ilya Kovalchuk is back on ice.
1:15 of 3rd period - Snap shot by Tomas Plekanec.
1:15 of 3rd period - Goal by Tomas Plekanec - Golden Knights : 1 - Penguins : 2.
1:16 of 3rd period - Logan Couture wins face-off versus Matt Stajan in neutral zone.
1:21 of 3rd period - Snap shot by Sean Bergenheim.
1:21 of 3rd period - Goal by Sean Bergenheim - Golden Knights : 1 - Penguins : 3.
1:22 of 3rd period - Maxim Lapierre wins face-off versus Andrew Cogliano in neutral zone.
1:27 of 3rd period - Wrist shot by Chris Higgins.
1:27 of 3rd period - Stopped by Michal Neuvirth without a rebound.
1:28 of 3rd period - Maxim Lapierre wins face-off versus Steven Stamkos in Penguins zone.
1:33 of 3rd period - Wrist shot by Chris Higgins.
1:33 of 3rd period - Stopped by Michal Neuvirth with a rebound.
1:35 of 3rd period - Snap shot by Steve Bernier.
1:35 of 3rd period - Stopped by Michal Neuvirth with a rebound.
1:37 of 3rd period - Wrist shot by Chris Higgins.
1:37 of 3rd period - Stopped by Michal Neuvirth with a rebound.
1:39 of 3rd period - Wrist shot by Maxim Lapierre.
1:39 of 3rd period - Deflect By Chris Higgins.
1:39 of 3rd period - Stopped by Michal Neuvirth without a rebound.
1:40 of 3rd period - Matt Stajan wins face-off versus Steven Stamkos in Penguins zone.
1:41 of 3rd period - Wrist shot by Michael Frolik.
1:41 of 3rd period - Shot Blocked by Keith Aulie.
1:43 of 3rd period - Slapshot by Jared Cowen.
1:43 of 3rd period - Stopped by Michal Neuvirth with a rebound.
1:45 of 3rd period - Snap shot by Jared Cowen.
1:45 of 3rd period - Shot Misses the Net.
1:47 of 3rd period - Slapshot by Ole-Kristian Tollefsen.
1:47 of 3rd period - Shot Misses the Net.
1:49 of 3rd period - Slapshot by Jared Cowen.
1:49 of 3rd period - Shot Blocked by Dustin Brown.
2:12 of 3rd period - Snap shot by Nathan Paetsch.
2:12 of 3rd period - Deflect By Steve Bernier.
2:12 of 3rd period - Stopped by Michal Neuvirth without a rebound.
2:13 of 3rd period - Logan Couture wins face-off versus Maxim Lapierre in Penguins zone.
2:13 of 3rd period - Logan Couture is hit by Maxim Lapierre.
2:23 of 3rd period - Snap shot by Chris Higgins.
2:23 of 3rd period - Deflect By Steve Bernier.
2:23 of 3rd period - Shot Misses the Net.
2:23 of 3rd period - Puck is out of play.
2:24 of 3rd period - Steven Stamkos wins face-off versus Matt Stajan in Penguins zone.
2:58 of 3rd period - Ilya Kovalchuk is hit by Logan Couture and loses puck.
4:06 of 3rd period - Off-side.
4:07 of 3rd period - Andrew Cogliano wins face-off versus Matt Stajan in neutral zone.
4:43 of 3rd period - Snap shot by Steven Stamkos.
4:43 of 3rd period - Stopped by Robin Lehner without a rebound.
4:44 of 3rd period - Claude Giroux wins face-off versus Ilya Kovalchuk in Golden Knights zone.
4:51 of 3rd period - Wrist shot by Claude Giroux.
4:51 of 3rd period - Stopped by Robin Lehner without a rebound.
4:52 of 3rd period - Logan Couture wins face-off versus Andrei Loktionov in Golden Knights zone.
4:53 of 3rd period - Wrist shot by Claude Giroux.
4:53 of 3rd period - Shot Misses the Net.
5:17 of 3rd period - Snap shot by Wayne Simmonds.
5:17 of 3rd period - Stopped by Michal Neuvirth with a rebound.
5:19 of 3rd period - Snap shot by Wayne Simmonds.
5:19 of 3rd period - Shot Misses the Net.
5:21 of 3rd period - Slapshot by Mathew Dumba.
5:21 of 3rd period - Shot Misses the Net.
5:23 of 3rd period - Wrist shot by Andrei Loktionov.
5:23 of 3rd period - Shot Misses the Net.
5:35 of 3rd period - Wrist shot by Wayne Simmonds.
5:35 of 3rd period - Stopped by Michal Neuvirth without a rebound.
5:36 of 3rd period - Steven Stamkos wins face-off versus Maxim Lapierre in Penguins zone.
5:47 of 3rd period - Snap shot by Maxim Lapierre.
5:47 of 3rd period - Shot Blocked by Sean Zimmerman.
5:49 of 3rd period - Slapshot by Jared Cowen.
5:49 of 3rd period - Deflect By Steve Bernier.
5:49 of 3rd period - Stopped by Michal Neuvirth with a rebound.
5:51 of 3rd period - Wrist shot by Steve Bernier.
5:51 of 3rd period - Shot Misses the Net.
6:22 of 3rd period - Tuomo Ruutu is hit by Nathan Paetsch and loses puck.
6:29 of 3rd period - Wrist shot by Zach Bogosian.
6:29 of 3rd period - Deflect By Patrice Cormier.
6:29 of 3rd period - Stopped by Michal Neuvirth without a rebound.
6:30 of 3rd period - Steven Stamkos wins face-off versus Maxim Lapierre in Penguins zone.
7:04 of 3rd period - Snap shot by Logan Couture.
7:04 of 3rd period - Goal by Logan Couture - Golden Knights : 1 - Penguins : 4.
7:05 of 3rd period - Steven Stamkos wins face-off versus Maxim Lapierre in neutral zone.
7:27 of 3rd period - Icing by Keith Aulie.
7:28 of 3rd period - Logan Couture wins face-off versus Matt Stajan in Penguins zone.
7:28 of 3rd period - Logan Couture is hit by Matt Stajan.
7:44 of 3rd period - Wrist shot by Claude Giroux.
7:44 of 3rd period - Deflect By Sean Bergenheim.
7:44 of 3rd period - Stopped by Robin Lehner with a rebound.
7:54 of 3rd period - Danny DeKeiser is hit by Michael Kostka and loses puck.
7:59 of 3rd period - Snap shot by Chris Higgins.
7:59 of 3rd period - Shot Misses the Net.
8:20 of 3rd period - Wrist shot by Wayne Simmonds.
8:20 of 3rd period - Stopped by Michal Neuvirth with a rebound.
8:55 of 3rd period - Snap shot by Michael Frolik.
8:55 of 3rd period - Shot Misses the Net.
9:05 of 3rd period - Tomas Plekanec is hit by Michael Frolik and loses puck.
9:30 of 3rd period - Snap shot by Tomas Plekanec.
9:30 of 3rd period - Stopped by Robin Lehner without a rebound.
9:31 of 3rd period - Steve Bernier wins face-off versus Steven Stamkos in Golden Knights zone.
10:20 of 3rd period - Alex Tanguay is hit by Joe Colborne and loses puck.
11:09 of 3rd period - Backhand shot by Chris Higgins.
11:09 of 3rd period - Shot Misses the Net.
11:11 of 3rd period - Wrist shot by Maxim Lapierre.
11:11 of 3rd period - Stopped by Michal Neuvirth with a rebound.
11:21 of 3rd period - Slapshot by Logan Couture.
11:21 of 3rd period - Stopped by Robin Lehner without a rebound.
11:22 of 3rd period - Logan Couture wins face-off versus Andrei Loktionov in Golden Knights zone.
11:47 of 3rd period - Snap shot by Sean Bergenheim.
11:47 of 3rd period - Goal by Sean Bergenheim - Golden Knights : 1 - Penguins : 5.
11:48 of 3rd period - Matt Stajan wins face-off versus Steven Stamkos in neutral zone.
11:51 of 3rd period - Andrew Cogliano is hit by Zach Bogosian and loses puck.
12:14 of 3rd period - Claude Giroux is hit by Steve Bernier and loses puck.
12:50 of 3rd period - Cal Clutterbuck is hit by Wayne Simmonds and loses puck.
13:11 of 3rd period - Snap shot by Damien Brunner.
13:11 of 3rd period - Stopped by Michal Neuvirth with a rebound.
13:18 of 3rd period - Icing by Dustin Brown.
13:19 of 3rd period - Steven Stamkos wins face-off versus Matt Stajan in Penguins zone.
13:30 of 3rd period - Slapshot by Claude Giroux.
13:30 of 3rd period - Stopped by Robin Lehner with a rebound.
13:51 of 3rd period - Snap shot by Dustin Brown.
13:51 of 3rd period - Stopped by Robin Lehner without a rebound.
13:52 of 3rd period - Steve Bernier wins face-off versus Steven Stamkos in Golden Knights zone.
15:56 of 3rd period - Wrist shot by Claude Giroux.
15:56 of 3rd period - Shot Blocked by Michael Kostka.
17:00 of 3rd period - Snap shot by Damien Brunner.
17:00 of 3rd period - Shot Blocked by Sean Zimmerman.
17:02 of 3rd period - Slapshot by Damien Brunner.
17:02 of 3rd period - Stopped by Michal Neuvirth with a rebound.
17:55 of 3rd period - Slapshot by Damien Brunner.
17:55 of 3rd period - Stopped by Michal Neuvirth with a rebound.
17:57 of 3rd period - Snap shot by Patrice Cormier.
17:57 of 3rd period - Deflect By Damien Brunner.
17:57 of 3rd period - Stopped by Michal Neuvirth without a rebound.
17:58 of 3rd period - Steven Stamkos wins face-off versus Maxim Lapierre in Penguins zone.
18:36 of 3rd period - Snap shot by Andrew Cogliano.
18:36 of 3rd period - Shot Misses the Net.
18:42 of 3rd period - Snap shot by Dustin Brown.
18:42 of 3rd period - Stopped by Robin Lehner with a rebound.
18:44 of 3rd period - Wrist shot by Dustin Brown.
18:44 of 3rd period - Stopped by Robin Lehner without a rebound.
18:45 of 3rd period - Cal Clutterbuck wins face-off versus Matt Stajan in Golden Knights zone.
18:46 of 3rd period - Slapshot by Joe Colborne.
18:46 of 3rd period - Stopped by Robin Lehner without a rebound.
18:47 of 3rd period - Joe Colborne wins face-off versus Matt Stajan in Golden Knights zone.
18:52 of 3rd period - Slapshot by Cal Clutterbuck.
18:52 of 3rd period - Goal by Cal Clutterbuck - Golden Knights : 1 - Penguins : 6.
18:53 of 3rd period - Steven Stamkos wins face-off versus Maxim Lapierre in neutral zone.
19:16 of 3rd period - Minor Penalty to Chris Higgins for Roughing.
19:17 of 3rd period - Ilya Kovalchuk wins face-off versus Steven Stamkos in Golden Knights zone.
Goals for this period are 0 for Golden Knights vs 5 for Penguins.
Shots for this period are 17 for Golden Knights vs 15 for Penguins.